 Dungeon Crawl Stone Soup version 0.29-a0-284-gf9362112df (webtiles) character file.

Game seed: 3368620071588207927

31 spaghetti the Skirmisher (level 3, -1/39 HPs)
             Began as an Ogre Warper on Mar 29, 2022.
             Was a Believer of Lugonu.
             Frozen to death by an endoplasm (5 damage)
             ... on level 3 of the Dungeon.
             The game lasted 00:02:54 (1504 turns).

spaghetti the Skirmisher (Ogre Warper)              Turns: 1504, Time: 00:02:55

Health: -1/39      AC:  3    Str: 17    XL:     3   Next: 22%
Magic:  6/6        EV:  9    Int: 14    God:    Lugonu [**....]
Gold:   55         SH:  0    Dex:  8    Spells: 4/6 levels left

rFire   . . .      SeeInvis .   a - +1 mace {mace}
rCold   . . .      Faith    .   (no shield)
rNeg    . . .      Spirit   .   b - +0 robe
rPois   .          Reflect  .   (helmet restricted)
rElec   .          Harm     .   (no cloak)
rCorr   .          Rampage  .   (gloves unavailable)
Will    .....                   (boots unavailable)
Stlth   +.........              (no amulet)
HPRegen 0.13/turn               (no ring)
MPRegen 0.10/turn               (no ring)

@: lethally poisoned (-1 -> -4), flying, hasted, very quick
A: large, unfitting armour, tough skin 1
a: Renounce Religion, Depart the Abyss, Bend Space


You were on level 3 of the Dungeon.
You worshipped Lugonu.
Lugonu was pleased with you.
You visited 1 branch of the dungeon, and saw 3 of its levels.

You collected 55 gold pieces.


Innate Abilities, Weirdness & Mutations

You are too large for most types of armour.
You have tough skin. (AC +1)


   Skills:
 + Level 4.0 Fighting
 * Level 2.0 Maces & Flails
 - Level 1.0 Throwing
 - Level 2.1 Dodging
 - Level 2.4 Spellcasting
 + Level 2.8 Translocations
 + Level 1.0 Invocations


You had 4 spell levels left.
You knew the following spells:

 Your Spells              Type           Power      Damage    Failure   Level
a - Blink                 Tloc           18%        N/A       11%         2

Your spell library contained the following spells:

 Spells                   Type           Power      Damage    Failure   Level
 Gell's Gravitas          Tloc           9%         N/A       22%         3
 Lesser Beckoning         Tloc           9%         N/A       22%         3
 Teleport Other           Tloc           9%         N/A       22%         3
 Ensorcelled Hibernation  Hex/Ice        2%         N/A       34%         2
 Spider Form              Tmut/Pois      1%         N/A       56%         3
 Anguish                  Hex/Necr       0%         N/A       92%         4
 Manifold Assault         Tloc           9%         N/A       89%         5

Inventory:

Hand Weapons
 a - a +1 mace (weapon) {mace}
Missiles
 d - 4 boomerangs of dispersal (quivered) {=f!fthrowing}
 f - 87 stones {throwing}
 g - a throwing net {=f!fthrowing}
 l - 4 boomerangs {throwing}
 n - 3 curare-tipped darts {=fthrowing}
Armour
 b - a +0 robe (worn)
Scrolls
 c - a scroll of blinking {!r}
 e - 5 scrolls of identify {unknown}
 j - a scroll of enchant weapon
 k - 2 scrolls of noise {unknown}
 m - a scroll of amnesia {unknown}

Dungeon Overview and Level Annotations

Branches:
Dungeon (3/15)

Altars:
Ru
Lugonu

#####
....
#..#
#ยง.#
#ยง_#
#@.#
#.J#
#..#
....
#####


You could see an endoplasm.


Message History

The adder bites you. ๐Ÿ˜• HP[-1]
You take 1 damage, and now have 36/39 hp.
The adder barely misses you. The endoplasm freezes you.
You are frozen. ๐Ÿ˜• HP[-2]
You take 2 damage, and now have 34/39 hp.
The endoplasm hits you but does no damage.
The adder bites you but does no damage. The adder attacks as you move away!
The adder bites you but does no damage.
There is a stone staircase leading down here.
The adder bites you but does no damage. The endoplasm hits you.
You climb downwards.
Found a sacrificial altar of Ru.
There is a stone staircase leading up here. ๐Ÿ˜• HP[-1]
You take 1 damage, and now have 33/39 hp.
Unknown command.
Unknown command.
You closely miss the adder. The adder bites you. The endoplasm freezes you.
You are frozen.
The adder bites you but does no damage. ๐Ÿ˜• HP[-2]
You take 2 damage, and now have 31/39 hp.
You miss the adder.
The endoplasm jiggles.
The endoplasm hits you but does no damage.
The adder bites you but does no damage. The endoplasm freezes you.
You are frozen.
The adder bites you. ๐Ÿ˜ฎ HP[-5]
You take 5 damage, and now have 26/39 hp.
You closely miss the adder. The adder closely misses you.
The endoplasm hits you but does no damage. ๐Ÿ˜ฎ HP[+1]
You barely miss the adder. The adder barely misses you. The endoplasm hits you.
The adder bites you but does no damage. ๐Ÿ˜ฎ HP[-3]
You take 3 damage, and now have 24/39 hp.
You barely miss the adder. The adder bites you.
You are poisoned.
The adder poisons you! The endoplasm hits you. The adder bites you.
You are more poisoned.
The adder poisons you! The endoplasm hits you.
* * * LOW HITPOINT WARNING * * *
๐Ÿ˜จ HP[-6]
You take 6 damage, and now have 18/39 hp.
It was a potion of flight.
You feel very buoyant.
You fly up into the air.
You feel very sick. The adder bites you but does no damage.
The endoplasm closely misses you. ๐Ÿ˜จ HP[-3]
You take 3 damage, and now have 15/39 hp.
It was a potion of haste.
You feel yourself speed up.
You feel sick. The adder bites you.
* * * LOW HITPOINT WARNING * * *
The endoplasm freezes you.
You are frozen.
* * * LOW HITPOINT WARNING * * *
๐Ÿ˜จ HP[-5]
You take 5 damage, and now have 10/39 hp.
Okay, then.
You are quite poisoned (10 -> 4).
You are flying.
Your actions are hasted.
Your flying speed is very quick.
Your attack delay is about 0.9.
Okay, then.
Throw: 7 boomerangs (disperse) {=f!fthrowing}
Press: ? - help, Q - select action, (/) - cycle Shift-Dir - straight line, f - adder
Aim: an adder (35% to hit)
You throw a boomerang of dispersal {=f!fthrowing}.
The boomerang of dispersal {=f!fthrowing} misses the adder.
You feel sick.
The adder closely misses you. ๐Ÿ˜ฑ HP[-1]
You take 1 damage, and now have 9/39 hp.
Throw: 6 boomerangs (disperse) {=f!fthrowing}
Press: ? - help, Q - select action, (/) - cycle Shift-Dir - straight line, f/p - adder
Aim: an adder (35% to hit)
You throw a boomerang of dispersal {=f!fthrowing}.
The boomerang of dispersal {=f!fthrowing} hits the adder.
The adder blinks!
You feel sick. The endoplasm freezes you.
You are frozen.
* * * LOW HITPOINT WARNING * * *
๐Ÿ˜ฑ HP[-4]
You take 4 damage, and now have 5/39 hp.
Throw: 5 boomerangs (disperse) {=f!fthrowing}
Press: ? - help, Q - select action, (/) - cycle Shift-Dir - straight line, f/p - adder
Aim: an adder (heavily wounded, 35% to hit)
You throw a boomerang of dispersal {=f!fthrowing}.
The boomerang of dispersal {=f!fthrowing} hits the adder!
The adder blinks!
You kill the adder!
Lugonu accepts your kill.
* * * LOW HITPOINT WARNING * * *
You feel sick. The endoplasm freezes you.
You are frozen.
You die...

Skill      XL: |  1  2  3 |
---------------+----------+-----
Fighting       | 3 4 |  4.0
Maces & Flails | 2 |  2.0
Invocations    | 1 |  1.0
Throwing       | |  1.0
Dodging        | |  2.1
Spellcasting   | |  2.4
Translocations | |  2.8

Action                   || total
-------------------------++-------
Melee: Mace              ||    76
       Punch             ||     1
Throw: Boomerang         ||     3
  Use: Potion            ||     2
       Scroll            ||     1
Armor: Robe              ||    34
Dodge: Dodged            ||    40

Levels and vault maps discovered:
D:1:      minmay_arrival_split_and_join, layout_loops_ring,
          ebering_ecumenical_altar_rust
D:2:      layout_rooms, basic_altar, uniq_terence
D:3:      layout_loops_ring, overflow_temple_1_default

Notes
Turn   | Place    | Note
-------+----------+-------------------------------------------
     0 | D:1      | spaghetti the Ogre Warper began the quest for the Orb.
     0 | D:1      | Reached XP level 1. HP: 22/22 MP: 3/3
     0 | D:1      | magus.rc [v1.9.6]
    94 | D:1      | Reached skill level 3 in Fighting
   124 | D:1      | Found a faded altar of an unknown god.
   130 | D:1      | Reached XP level 2. HP: 14/31 MP: 5/5
   139 | D:1      | Prayed at the altar of an unknown god.
   139 | D:1      | Became a worshipper of Lugonu the Unformed
   139 | D:1      | Reached * piety under Lugonu
   139 | D:1      | Reached ** piety under Lugonu
   619 | D:1      | Learned a level 2 spell: Blink
   736 | D:1      | You pick up a book of Dreams and begin reading...
   736 | D:1      | You add the spells Ensorcelled Hibernation, Spider Form and
                  | Anguish to your library.
   857 | D:1      | Reached skill level 4 in Fighting
  1061 | D:1      | Reached skill level 2 in Maces & Flails
  1061 | D:1      | Reached XP level 3. HP: 31/39 MP: 6/6
  1334 | D:2      | Reached skill level 1 in Invocations
  1494 | D:3      | Found a sacrificial altar of Ru.
  1502 | D:3      | HP: 9/39 [poisoned by an adder]
  1504 | D:3      | HP: 4/39 [poisoned by an adder]
  1504 | D:3      | Frozen to death by an endoplasm

Vanquished Creatures
  An adder (D:3)
  A worm (D:2)
  A dart slug (D:2)
  3 ball pythons (D:1)
  3 bats (D:1)
  4 endoplasms
  A giant cockroach (D:1)
  A goblin (D:1)
  3 hobgoblins (D:1)
  4 kobolds (D:1)
  A quokka (D:1)
  2 rats (D:1)
25 creatures vanquished.

Table legend:
 A = Non-vault XP
 B = Vault XP
 C = Vault XP percentage of total XP
 D = Non-vault monster count
 E = Vault monster count
 F = Vault count percentage of total count
                 A         B        C        D         E       F
            +---------+---------+-------+---------+---------+-------
      Total |      58 |       0 |   0.0 |      25 |       0 |   0.0
            +---------+---------+-------+---------+---------+-------
        D:1 |      34 |       0 |   0.0 |      21 |       0 |   0.0
        D:2 |      11 |       0 |   0.0 |       3 |       0 |   0.0
        D:3 |      13 |       0 |   0.0 |       1 |       0 |   0.0
            +---------+---------+-------+---------+---------+-------

Illustrated notes

Table legend:
 A = Kills in this place as a percentage of kills in entire the game.
 B = Kills by you in this place as a percentage of kills by you in the entire game.
 C = Kills by friends in this place as a percentage of kills by friends in the entire game.
 D = Other kills in this place as a percentage of other kills in the entire game.
 E = Experience gained in this place as a percentage of experience gained in the entire game.
 F = Experience gained in this place divided by the number of levels of this place that you have seen.
                   A       B       C       D       E      F
               +-------+-------+-------+-------+-------+----------------------
         Total | 100.0 | 100.0 |   N/A |   N/A | 100.0 |  19.3
       Dungeon | 100.0 | 100.0 |   N/A |   N/A | 100.0 |  19.3
               +-------+-------+-------+-------+-------+----------------------

Table legend: (Time is in decaauts)
 A = Elapsed time spent in this place.
 B = Non-inter-level travel time spent in this place.
 C = Inter-level travel time spent in this place.
 D = Time resting spent in this place.
 E = Time spent auto-exploring this place.
 F = Levels seen in this place.
 G = Mean time per level.
                   A        B        C        D        E       F      G
               +--------+--------+--------+--------+--------+-----+--------+
         Total |   1526 |   1491 |     35 |    464 |    815 |   3 |  508.7 |
       Dungeon |   1526 |   1491 |     35 |    464 |    815 |   3 |  508.7 |
               +--------+--------+--------+--------+--------+-----+--------+

Top non-repeatable levels by time:
     D:1: 1256 daAuts
     D:2: 259 daAuts
     D:3: 10 daAuts
